 Dungeon Crawl Stone Soup version 0.30-a0-1094-g860fb061e7 (webtiles) character file.

Game seed: 3275671772788765492

6 Esekla the Sneak (level 1, 16/16 HPs)
             Began as an Octopode Delver on Apr 17, 2023.
             Quit the game on level 5 of the Dungeon.
             The game lasted 00:01:03 (109 turns).

Esekla the Sneak (Octopode Delver)                   Turns: 109, Time: 00:01:04

Health: 16/16      AC:  1    Str: 11    XL:     1   Next: 90%
Magic:  1/1        EV: 13    Int: 12    God:
Gold:   0          SH:  0    Dex: 13    Spells: 0/0 levels left

rFire   . . .      SeeInvis .    a - +0 falchion
rCold   . . .      Faith    .    (no shield)
rNeg    . . .      Spirit   .    (helmet restricted)
rPois   .          Reflect  .    (no amulet)
rElec   .          Rampage  .    (no ring)
rCorr   .                        (no ring)
Will    .....                    (no ring)
Stlth   ++++                     (no ring)
HPRegen 0.22/turn                (no ring)
MPRegen 0.07/turn                (no ring)
                                 (no ring)
                                 (no ring)

@: no status effects
A: almost no armour, amphibious, 8 rings, camouflage 1, gelatinous body 1,
(nimble swimmer 1), tentacles
a: no special abilities


You were on level 5 of the Dungeon.
You visited 1 branch of the dungeon, and saw 1 of its levels.

Inventory:

Hand Weapons
 a - a +0 falchion (weapon)
Wands
 f - a wand of digging (3)
Scrolls
 b - a scroll of fog
 d - a scroll of fear
Potions
 e - a potion of haste


   Skills:
 * Level 3.0 Fighting
 * Level 2.1 Long Blades
 * Level 2.0 Dodging
 + Level 6.8 Stealth
 * Level 0.1 Spellcasting


You couldn't memorise any spells.
You didn't know any spells.
Your spell library contained the following spells:

 Spells                   Type           Power      Damage    Failure   Level
 Iskenderun's Battlesphe  Conj           0%         2d6       100%        5
 Iron Shot                Conj/Erth      0%         9d1       100%        6
 Spellforged Servitor     Conj/Summ      0%         N/A       100%        7


Dungeon Overview and Level Annotations

Branches:
Dungeon (5/15)
 Temple: D:4-7

Altars:
Yredelemnul


Innate Abilities, Weirdness & Mutations

You cannot wear most types of armour.
You are amphibious.
You can wear up to eight rings at the same time.
Your skin changes colour to match your surroundings (Stealth+).
Your rubbery body absorbs attacks. (AC +1, EV +1)
((You are camouflaged when in or above water. (Stealth+)))
You have tentacles for arms and can constrict up to eight enemies at once.


Message History

You add the spells Iskenderun's Battlesphere, Iron Shot and Spellforged Servitor to your library.
As you read the scroll of magic mapping, it crumbles to dust.
You feel aware of your surroundings.
You sensed 1 altar.
An orc comes into view. It is wielding a +0 club.
An orc comes into view. It is wielding a +0 whip.
You barely miss the orc. You grab the orc.
You constrict the orc, but do no damage.
The orc closely misses you.
You hit the orc but do no damage. You constrict the orc.
The orc hits you with a +0 club.
You hit the orc.
The orc is almost dead.
You constrict the orc.
You kill the orc!
You start resting.
HP restored.
Things that are here:
a +0 club; a +0 leather armour; an orc corpse An orc comes into view.
It is wielding a +0 hand axe.
The orc shouts!
The orc moves out of view.
You slash the orc!
You kill the orc!
You start waiting.
An orc is nearby!
The orc shouts!
You barely miss the orc. Your grab misses the orc. The orc closely misses you.
The orc hits you with a +0 whip.
You barely miss the orc. Your grab misses the orc.
The orc hits you with a +0 whip.
You hit the orc.
You kill the orc!
Things that are here:
a +0 whip; a +0 leather armour You start resting.
HP restored.
Found a stone staircase leading down.
Found a weird runed staff.
Found a basalt altar of Yredelemnul.
Are you sure you want to abandon this character and quit the game? (Confirm with "yes".)

*,,*,*,*,*,*,** *,*****.#
*,,*****,,###*******,,,,,,,*
*,,,,,,,,,...,,,,,,*,,,,,,,*
*,,,,,,,,,.|#****#>#*******#
*,****,***#.# #.# # *,* *,*
#.# #.# # *,* ##,**
#.######.##### #
**,**#...###.....#......# #
*,,,,.._....@.##.#......#####
*,,**#...###..##.#...........
*,,* #*,** #.................
*,,* *,* #..##.#...........
*,,****,***#..##.#.#.##.####.
*,,,,,,,,,..............# #.
*,,****,*########.####### #.
**,* *,* #.# #. *,* *,* #.#
#.


There were no monsters in sight!

Vanquished Creatures
  3 orcs (D:5)
3 creatures vanquished.

Notes
Turn   | Place    | Note
-------+----------+-------------------------------------------
     0 | D:5      | Esekla the Octopode Delver began the quest for the Orb.
     0 | D:5      | Reached XP level 1. HP: 16/16 MP: 1/1
   107 | D:5      | Found a basalt altar of Yredelemnul.
   109 | D:5      | Quit the game

Illustrated notes

Levels and vault maps discovered:
D:5:      layout_loops_cross, nicolae_overflow_crystal_walls, roderic_lattice_a,
          st_stairs_10

Action                     || total
---------------------------++-------
  Melee: Falchion          ||     7
         Constrict         ||     1
    Use: Scroll            ||     1
  Dodge: Dodged            ||     2

Table legend: (Time is in decaauts)
 A = Elapsed time spent in this place.
 B = Non-inter-level travel time spent in this place.
 C = Inter-level travel time spent in this place.
 D = Time resting spent in this place.
 E = Time spent auto-exploring this place.
 F = Levels seen in this place.
 G = Mean time per level.
                   A        B        C        D        E       F      G
               +--------+--------+--------+--------+--------+-----+--------+
         Total |    110 |    110 |      0 |     39 |      0 |   1 |  110.0 |
       Dungeon |    110 |    110 |      0 |     39 |      0 |   1 |  110.0 |
               +--------+--------+--------+--------+--------+-----+--------+

Top non-repeatable levels by time:
     D:5: 110 daAuts
